AoeStats
← SobbingFoil424

Arena

509845855Analyzed
1v1 RM · 4d ago on Sep 28, 2026· 30m 47s· 2 players
Game mode
Random Map
Map size
Tiny (2 player)
Population
200
Speed
Normal
Resources
Standard
Victory
Conquest
Starting age
Dark Age
Ending age
Imperial Age
RankedLock teamsTeams togetherTeam positionsShared explorationLock speedFull tech treeHidden civsTurbo modeCheats
Victory
Defeat
🇧🇪 Varangians · Belgium
1057
+15
🇹🇼 Lithuanians · Taiwan
1042
-15
SobbingFoil424
10:26 Feudal Age
11:06 Double-Bit Axe
11:19 Horse Collar
12:54 Loom
16:16 Castle Age
16:03 Gold Mining
18:47 Bow Saw
21:44 Stone Mining
23:09 Heavy Plow
24:19 Stone Shaft Mining
26:16 Wheelbarrow
25:26 Town Watch
30:44 Fortified Wall
30:54 Ballistics
30:14 Treadmill Crane
30:55 Ballistics
30:15 Treadmill Crane
30:46 Careening
30:44 Scale Barding Armor
30:30 Fletching
30:50 Forging
31:14 Fervor
31:29 Bloodlines
31:19 Husbandry
Royal Yakuza
9:54 Feudal Age
14:08 Castle Age
13:30 Double-Bit Axe
13:27 Horse Collar
15:40 Bow Saw
20:34 Stone Mining
22:40 Wheelbarrow
21:54 Loom
21:57 Town Watch
23:23 Gold Mining
24:57 Loom
27:59 Imperial Age
25:46 Scale Barding Armor
25:53 Forging
26:50 Chain Barding Armor
27:20 Bloodlines
26:57 Pikeman
28:18 Iron Casting
29:05 Conscription
29:29 Plate Barding Armor
28:40 Elite Jarl
31:34 Two-Man Saw
31:39 Blast Furnace
Connection lost

Rejoining the realm…

Still unreachable

The connection could not be restored.

Session expired

The server has moved on; the page needs a fresh start.